 Dungeon Crawl Stone Soup version 0.18.1-8-gdd0e5ea (webtiles) character file.

234 Gargoyl the Skirmisher (level 5, 0/47 HPs)
             Began as a Demonspawn Abyssal Knight on June 10, 2016.
             Was a Follower of Lugonu.
             Slain by a sky beast (5 damage)
             ... on level 6 of the Dungeon.
             The game lasted 00:07:54 (3252 turns).

Gargoyl the Skirmisher (Demonspawn Abyssal Knight)  Turns: 3252, Time: 00:07:54

Health: 0/47       AC: 13    Str: 10 (13) XL:     5   Next: 75%
Magic:  6/6        EV:  0    Int: 12 (15) God:    Lugonu [*.....]
Gold:   149        SH:  7    Dex: 10 (12) Spells: 0 memorised, 4 levels left

rFire  + . .     SeeInvis .     s - +0 war axe
rCold  x . .     Gourm    .     b - +0 plate armour
rNeg   . . .     Faith    .     g - +0 shield
rPois  .         Spirit   .     (no helmet)
rElec  .         Dismiss  .     (no cloak)
rCorr  .         Reflect  .     e - +0 pair of gloves
SustAt .         Harm     .     (no boots)
MR     +....                    d - amulet of regeneration
Stlth  ..........               o - ring of fire
                                m - +3 ring of intelligence

@: somewhat resistant to hostile enchantments, extremely unstealthy
A: rugged brown scales 1, dopey 1, low mp 1, magic resistance 1, mutation
resistance 1, powered by pain 1, robust 1
a: Depart the Abyss, Renounce Religion


You were on level 6 of the Dungeon.
You worshipped Lugonu.
Lugonu was aware of your devotion.
You were not hungry.

You visited 1 branch of the dungeon, and saw 6 of its levels.
You visited the Abyss 1 time.

You collected 149 gold pieces.

Inventory:

Hand Weapons
 s - a +0 war axe (weapon)
Missiles
 t - 5 tomahawks (quivered)
Armour
 b - a +0 plate armour (worn)
 e - a +0 pair of gloves (worn)
 g - a +0 shield (worn)
Jewellery
 d - an amulet of regeneration (around neck)
 m - a +3 ring of intelligence (left hand)
 o - a ring of fire (right hand)
Scrolls
 f - 4 scrolls of remove curse
 h - 5 scrolls of identify
 l - a scroll of enchant armour
 n - a scroll of fog {unknown}
 p - a scroll of random uselessness {unknown}
Comestibles
 c - 2 bread rations
 i - 4 fruits
 j - a slice of pizza
 q - a meat ration


   Skills:
 + Level 3.9 Fighting
 + Level 2.4 Axes
 * Level 3.6 Armour
 + Level 2.1 Dodging
 + Level 0.2 Stealth
 + Level 1.3 Shields
 + Level 2.7 Invocations


You had 4 spell levels left.
You didn't know any spells.

Dungeon Overview and Level Annotations

Branches:
Dungeon (6/15)
 Temple: D:4-7

Altars:
Cheibriados
Gozag
Okawaru
Sif Muna

Shops:
D:6 %

Annotations:
D:4 markolepsija72's ghost, novice HESk


Innate Abilities, Weirdness & Mutations

You are partially covered in rugged brown scales (AC +1, +3% HP).
You sometimes gain a little power by taking damage.
You are dopey. (Int -2)
Your magical capacity is low (-10% MP).
You are resistant to hostile enchantments.
You are somewhat resistant to further mutation.
You are robust (+10% HP).


Message History

Something hits you. Something shocks you.
* * * LOW HITPOINT WARNING * * *
You miss something. Something hits you but does no damage.
You block something's attack.
You miss something.
A sky beast appears from thin air!
Reactivating autopickup.
The sky beast hits you.
* * * LOW HITPOINT WARNING * * *
The sky beast shocks you.
* * * LOW HITPOINT WARNING * * *
Okay, then.
You closely miss the sky beast.
The sky beast is moderately wounded.
You block the sky beast's attack.
You closely miss the sky beast.
The sky beast is moderately wounded.
The sky beast hits you.
* * * LOW HITPOINT WARNING * * *
The sky beast shocks you.
You die...

##### #....
...## #..#
#@# #Y##
#..## ##...#
#?.#..##
##..#.....
#..#.......
#<.........
#.∩.........


You could see a sky beast.

Vanquished Creatures
  A centaur (D:3)
  An orc priest (D:3)
  2 orc wizards
  2 adders
  A worm (D:2)
  3 dart slugs
  4 orcs
  3 giant cockroaches
  5 goblins
  3 hobgoblins
  A quokka (D:3)
  6 bats
  3 giant newts
  4 kobolds
  4 rats
43 creatures vanquished.

Vanquished Creatures (others)
  5 toadstools (D:1)
5 creatures vanquished.

Grand Total: 48 creatures vanquished

Notes
Turn   | Place    | Note
--------------------------------------------------------------
     0 | Abyss:1  | Gargoyl the Demonspawn Abyssal Knight began the quest for the Orb.
     0 | Abyss:1  | Reached XP level 1. HP: 18/18 MP: 2/2
   111 | Abyss:1  | Noticed a hungry ghost
   113 | Abyss:1  | Noticed a large abomination
   116 | D:1      | Escaped the Abyss
   182 | D:1      | Reached skill level 1 in Dodging
   329 | D:1      | Gained mutation: You are partially covered in rugged brown scales (AC +1, +3% HP). [demonic ancestry]
   329 | D:1      | Reached XP level 2. HP: 17/24 MP: 3/3
   777 | D:2      | Found a faded altar to an unknown god.
   815 | D:2      | Reached * piety under Lugonu
  1195 | D:2      | Found a snail-covered altar of Cheibriados.
  1228 | D:2      | Reached XP level 3. HP: 22/29 MP: 5/5
  1437 | D:3      | Gained mutation: You are dopey. (Int -2) [potion of mutation]
  1437 | D:3      | Gained mutation: Your magical capacity is low (-10% MP). [potion of mutation]
  1437 | D:3      | Gained mutation: You are resistant to hostile enchantments. [potion of mutation]
  1442 | D:3      | Reached XP level 4. HP: 12/37 MP: 5/5
  1860 | D:3      | Gained mutation: You are somewhat resistant to further mutation. [potion of mutation]
  1860 | D:3      | Gained mutation: You are robust (+10% HP). [potion of mutation]
  2234 | D:3      | Found an iron altar of Okawaru.
  2234 | D:3      | Found an opulent altar of Gozag.
  2235 | D:3      | Found a deep blue altar of Sif Muna.
  2326 | D:4      | Noticed markolepsija72's ghost (novice HESk)
  2328 | D:4      | Noticed a centaur
  2401 | D:3      | Killed a centaur
  2401 | D:3      | Reached skill level 1 in Shields
  2401 | D:3      | Gained mutation: You sometimes gain a little power by taking damage. [demonic ancestry]
  2401 | D:3      | Reached XP level 5. HP: 25/47 MP: 6/6
  2842 | D:5      | Entered Level 5 of the Dungeon
  3195 | D:5      | Noticed a sky beast
  3221 | D:6      | Found Roclo's Food Shoppe.
  3252 | D:6      | Slain by a sky beast

Skill      XL: |  1  2  3  4 |
---------------+-------------+-----
Dodging        | 1 2 |  2.1
Armour         | 2 3 |  3.6
Axes           | 2 |  2.4
Shields        | 1 |  1.3
Fighting       | |  3.9
Stealth        | |  0.2
Invocations    | |  2.7

Action                   |  1- 3 |  4- 6 || total
-------------------------+-------+-------++-------
Melee: Hand axe          |    70 |   228 ||   298
       War axe           |       |    37 ||    37
Invok: Depart the Abyss  |     1 |       ||     1
  Use: Scroll            |     3 |     1 ||     4
       Potion            |     4 |     4 ||     8
  Eat: Chunk             |       |     8 ||     8
Armor: Ring mail         |    25 |       ||    25
       Skin              |     5 |       ||     5
       Plate armour      |       |   250 ||   250
Dodge: Dodged            |    21 |    12 ||    33
Block: Shield            |    26 |    92 ||   118
